 Dungeon Crawl Stone Soup version 0.20.1-1-g8b1a95d (webtiles) character file.

48 smedtjen the Skirmisher (level 3, -1/29 HPs)
             Began as a Demonspawn Abyssal Knight on Nov 7, 2017.
             Was a Follower of Lugonu.
             Slain by a worm (4 damage)
             ... on level 3 of the Dungeon.
             The game lasted 00:06:22 (2531 turns).

smedtjen the Skirmisher (Demonspawn Abyssal Knight) Turns: 2531, Time: 00:06:23

Health: -1/29      AC:  7    Str: 13    XL:     3   Next: 50%
Magic:  5/5        EV: 10    Int: 13    God:    Lugonu [*.....]
Gold:   85         SH:  0    Dex: 12    Spells: 2/2 levels left

rFire    . . .     SeeInvis .   q - -3 short sword (curse)
rCold    . . .     Gourm    .   (no shield)
rNeg     . . .     Faith    .   e - +1 ring mail (curse)
rPois    .         Spirit   .   (no helmet)
rElec    .         Reflect  .   j - +0 cloak (curse)
rCorr    .         Harm     .   (no gloves)
MR       +....                  (no boots)
Stlth    +.........             (no amulet)
Regen    0.1/turn               h - ring of protection from magic
MPRegen  0.1/turn               (no ring)

@: no status effects
A: powered by death 1
a: Depart the Abyss, Renounce Religion


You were on level 3 of the Dungeon.
You worshipped Lugonu.
Lugonu was aware of your devotion.
You were not hungry.

You visited 1 branch of the dungeon, and saw 3 of its levels.
You visited the Abyss 1 time.

You collected 85 gold pieces.

Inventory:

Hand Weapons
 a - a +1 hand axe
 g - a +0 dagger
 o - a +1 vampiric short sword
 q - a cursed -3 short sword (weapon)
 r - a +0 glaive
 t - a +1 antimagic dagger
Armour
 b - a +0 leather armour
 e - a cursed +1 ring mail (worn)
 j - a cursed +0 cloak (worn)
 p - a +0 plate armour
Jewellery
 h - a ring of protection from magic (left hand)
Scrolls
 d - 2 scrolls of identify
Potions
 f - a potion of curing {unknown}
 i - a potion of heal wounds {unknown}
 k - a potion of agility {unknown}
 n - a potion of magic {unknown}
Comestibles
 c - 2 bread rations


   Skills:
 + Level 3.5 Fighting
 + Level 0.6 Short Blades
 + Level 2.0 Axes
 + Level 2.3 Armour
 + Level 1.1 Dodging
 + Level 2.8 Invocations


You had 2 spell levels left.
You didn't know any spells.

Dungeon Overview and Level Annotations

Branches:
Dungeon (3/15)

Altars:


Innate Abilities, Weirdness & Mutations

You regenerate a little health from kills.


Message History

You hit the worm but do no damage.
The worm is lightly wounded.
You hit the worm.
The worm is moderately wounded.
The worm bites you but does no damage.
You hit the worm but do no damage.
The worm is lightly wounded.
You barely miss the worm.
The worm is lightly wounded.
The worm barely misses you.
You barely miss the worm.
The worm is lightly wounded.
The worm bites you!
* * * LOW HITPOINT WARNING * * *
You hit the worm.
The worm is moderately wounded.
You hit the worm.
The worm is severely wounded.
The worm bites you.
You die...

#.##.#.##
##.......##
# .....#
##.....##
###.###
##...## #.
##'## . #.#
.
#########.#
..........##
#####.....##
#.@....#
#w#...##
#.#..##
#.#..#
#.....
#######


You could see a worm.

Vanquished Creatures
  An adder (D:2)
  2 dart slugs
  3 leopard geckos
  5 bats
  2 goblins
  7 hobgoblins
  A frilled lizard (D:2)
  5 kobolds
  4 rats
30 creatures vanquished.

Notes
Turn   | Place    | Note
-------+----------+-------------------------------------------
     0 | Abyss:1  | smedtjen the Demonspawn Abyssal Knight began the quest for the Orb.
     0 | Abyss:1  | Reached XP level 1. HP: 18/18 MP: 2/2
    10 | Abyss:1  | Found a basalt altar of Yredelemnul.
    15 | Abyss:1  | Found a basalt altar of Yredelemnul.
    38 | Abyss:1  | Noticed a large abomination
    39 | D:1      | Escaped the Abyss
   384 | D:1      | Gained mutation: You regenerate a little health from kills. [demonic ancestry]
   384 | D:1      | Reached XP level 2. HP: 19/24 MP: 4/4
   470 | D:1      | Reached * piety under Lugonu
  1421 | D:2      | Reached skill level 1 in Dodging
  1735 | D:2      | Found a faded altar of an unknown god.
  1763 | D:2      | Reached XP level 3. HP: 29/29 MP: 5/5
  2531 | D:3      | Slain by a worm

Skill      XL: |  1  2 |
---------------+-------+-----
Armour         | 2 |  2.3
Axes           | 2 |  2.0
Dodging        | 1 |  1.1
Fighting       | |  3.5
Short Blades   | |  0.6
Invocations    | |  2.8

Action                   || total
-------------------------++-------
Melee: Hand axe          ||    52
       Short sword       ||   155
Invok: Depart the Abyss  ||     1
  Use: Scroll            ||     6
       Potion            ||     1
  Eat: Chunk             ||     3
       Fruit             ||     3
Armor: Ring mail         ||   102
Dodge: Dodged            ||   133
